 Dungeon Crawl Stone Soup version 0.20.1-1-g8b1a95d (webtiles) character file.

240 OneorTwo the Poker (level 6, -3/48 HPs)
             Began as a Human Gladiator on July 25, 2017.
             Was an Initiate of Kikubaaqudgha.
             Killed by divine providence
             ... invoked by an orc priest
              (15 damage)
             ... on level 5 of the Dungeon.
             The game lasted 00:38:18 (2991 turns).

OneorTwo the Poker (Human Gladiator)                Turns: 2991, Time: 00:38:19

Health: -3/48      AC:  7    Str: 14 (16) XL:     6   Next: 30%
Magic:  10/10      EV: 14    Int:  9      God:    Kikubaaqudgha [......]
Gold:   161        SH:  0    Dex: 13 (14) Spells: 9/10 levels left

rFire    + . .     SeeInvis .   v - +0 dagger (curse)
rCold    . . .     Gourm    .   (no shield)
rNeg     . . .     Faith    .   b - +0 leather armour
rPois    .         Spirit   .   c - +0 helmet
rElec    .         Reflect  .   (no cloak)
rCorr    .         Harm     .   C - +1 pair of gloves
MR       .....                  G - +0 pair of boots
Stlth    ++........             H - amulet of magic regeneration
Regen    0.2/turn               m - ring of flight
MPRegen  0.2/turn               A - ring of protection from fire

@: no status effects
A: no striking features
a: Renounce Religion, Evoke Flight


You were on level 5 of the Dungeon.
You worshipped Kikubaaqudgha.
Kikubaaqudgha was noncommittal.
You were not hungry.

You visited 1 branch of the dungeon, and saw 5 of its levels.

You collected 161 gold pieces.

Inventory:

Hand Weapons
 a - a +0 trident
 e - a +0 club
 g - a +0 dagger
 i - a +0 club
 j - a +0 club
 l - a +0 hand axe
 n - a +0 whip
 p - a +0 club
 t - a +0 club
 u - a +0 short sword
 v - a cursed +0 dagger (weapon)
 y - a +0 rapier
 E - a +0 shortbow
Missiles
 d - a throwing net (quivered)
 I - 23 arrows
 K - 11 poisoned needles
Armour
 b - a +0 leather armour (worn)
 c - a +0 helmet (worn)
 h - a +0 chain mail
 q - a +0 robe
 r - a +0 leather armour
 s - a +0 ring mail
 w - a +0 leather armour
 C - a +1 pair of gloves (worn)
 G - a +0 pair of boots (worn)
Jewellery
 m - a ring of flight (left hand)
 A - a ring of protection from fire (right hand)
 H - an amulet of magic regeneration (around neck)
Scrolls
 x - a scroll of fog
 J - a scroll of identify
 M - a scroll of noise
Potions
 z - 2 potions of agility
 F - a potion of curing
Books
 D - a book of Cantrips

   Spells                             Type                      Level
   a - Confusing Touch                Hexes                        1
   b - Animate Skeleton               Necromancy                   1
   c - Summon Small Mammal            Summoning                    1
   d - Apportation                    Translocation                1
Comestibles
 f - 2 bread rations
 k - a meat ration
 o - 2 fruits
 B - 2 royal jellies


   Skills:
 + Level 3.9 Fighting
 - Level 3.0 Short Blades
 + Level 5.2 Polearms
 + Level 4.0 Throwing
 + Level 3.7 Armour
 + Level 4.6 Dodging
 - Level 3.2 Stealth
 + Level 3.0 Unarmed Combat
 * Level 2.9 Spellcasting
 * Level 4.4 Necromancy
 - Level 3.1 Evocations


You had 9 spell levels left.
You knew the following spells:

 Your Spells              Type           Power        Failure   Level  Hunger
a - Animate Skeleton      Necr           N/A          6%          1    ##.....


Dungeon Overview and Level Annotations

Branches:
Dungeon (5/15)
 Temple: D:4-7

Altars:
Ashenzari
Kikubaaqudgha

Annotations:
D:4 Coffe1991's ghost, novice OgFi
D:5 Eustachio


Message History

Coffe1991's ghost hits you.
You climb downwards.
Found a stone staircase leading down.
There is a stone staircase leading up here.
You open the door.
Eustachio the Magnificent comes into view.
He is wielding an enchanted rapier.
Found a long sword, a scroll of identify and 8 gold pieces.
You close the door.
An orc priest comes into view.
The orc priest shouts!
Unknown command.
An orc comes into view. It is wielding a war axe of chopping.
The orc priest mumbles some strange prayers to Beogh against you.
Beogh smites you!
* * * LOW HITPOINT WARNING * * *
The orc moves out of view.
The orc priest calls down the wrath of Beogh upon you.
Beogh smites you!
You die...
Kikubaaqudgha rasps: "You have failed me!
Welcome... death!"

. #... .#
..#... #.#.
.#..####..o. #
.......#.##
#.##.........+
#.........#.#
#...>.......#
#...........#
#......@....#
#...........##
#........<...#
########.##..#
#.# .... #+#
#### ... .....
.......


You could see an orc priest.

Vanquished Creatures
  A centaur (D:3)
  A bullfrog skeleton (D:4)
  An adder (D:3)
  A worm (D:3)
  2 dart slugs (D:1)
  2 leopard geckos (D:1)
  4 giant cockroaches
  10 hobgoblins
  6 jackals
  8 kobolds
  9 bats
  3 frilled lizards
  4 goblins
  8 rats
  A plant (D:1)
61 creatures vanquished.

Notes
Turn   | Place    | Note
-------+----------+-------------------------------------------
     0 | D:1      | OneorTwo the Human Gladiator began the quest for the Orb.
     0 | D:1      | Reached XP level 1. HP: 16/16 MP: 1/1
   246 | D:1      | Reached XP level 2. HP: 22/22 MP: 2/2
   363 | D:1      | Reached XP level 3. HP: 27/27 MP: 3/3
  1078 | D:2      | Reached skill level 1 in Armour
  1127 | D:2      | Found a shattered altar of Ashenzari.
  1552 | D:2      | Reached XP level 4. HP: 27/33 MP: 4/4
  1574 | D:2      | Found an ancient bone altar of Kikubaaqudgha.
  1604 | D:2      | Became a worshipper of Kikubaaqudgha
  1749 | D:2      | Reached skill level 5 in Polearms
  1749 | D:2      | Reached XP level 5. HP: 42/42 MP: 4/9
  1844 | D:3      | Learned a level 1 spell: Animate Skeleton
  1942 | D:3      | Noticed a centaur
  1976 | D:3      | Killed a centaur
  1976 | D:3      | Reached XP level 6. HP: 5/48 MP: 10/10
  2264 | D:3      | Found a faded altar of an unknown god.
  2954 | D:4      | Noticed Coffe1991's ghost (novice OgFi)
  2975 | D:4      | Noticed an ogre
  2978 | D:5      | Entered Level 5 of the Dungeon
  2983 | D:5      | Noticed Eustachio
  2991 | D:5      | Killed from afar by an orc priest

Skill      XL: |  1  2  3  4 |
---------------+-------------+-----
Armour         | 1 3 |  3.7
Fighting       | 3 |  3.9
Short Blades   | 3 |  3.0
Polearms       | 5 |  5.2
Throwing       | 4 |  4.0
Dodging        | 4 |  4.6
Stealth        | 3 |  3.2
Unarmed Combat | 3 |  3.0
Spellcasting   | 2 |  2.9
Necromancy     | 4 |  4.4
Evocations     | 3 |  3.1

Action                   |  1- 3 |  4- 6 || total
-------------------------+-------+-------++-------
Melee: Trident           |   138 |       ||   138
       Dagger            |    64 |   151 ||   215
       Punch             |       |     2 ||     2
Throw: Throwing net      |     2 |     1 ||     3
 Cast: Animate Skeleton  |       |     1 ||     1
  Use: Potion            |     7 |     2 ||     9
       Scroll            |     2 |     3 ||     5
 Stab: Sleeping          |       |     2 ||     2
  Eat: Chunk             |     1 |     2 ||     3
       Fruit             |     1 |       ||     1
       Meat ration       |       |     1 ||     1
Armor: Chain mail        |   135 |    31 ||   166
       Leather armour    |     5 |    29 ||    34
Dodge: Dodged            |    69 |    93 ||   162
